 Dungeon Crawl Stone Soup version 0.29-a0-668-g12ee2bf84d (webtiles) character file.

Game seed: 3840728850031491723

17377 dolemite99 the Carver (level 12, -4/86 HPs)
             Began as a Djinni Fighter on June 24, 2022.
             Was an Elder of Nemelex Xobeh.
             Slain by a cane toad (18 damage)
             ... on level 4 of the Lair of Beasts.
             The game lasted 00:24:09 (20233 turns).

dolemite99 the Carver (Djinni Fighter)             Turns: 20233, Time: 00:24:09

Health: -4/86      AC: 15    Str: 23    XL:     12   Next: 81%
Gold:   316        EV: 10    Int: 12    God:    Nemelex Xobeh [****..] SH:  5 Dex: 14

rFire   + + .      SeeInvis .   b - +4 scimitar (freeze)
rCold   x . .      Faith    .   c - +0 buckler
rNeg    . . .      Spirit   .   O - +0 plate armour
rPois   ∞          Reflect  .   (no helmet)
rElec   .          Harm     .   h - +2 cloak
rCorr   .          Rampage  .   (no gloves)
Will    +....                   (boots unavailable)
Stlth   ..........              (no amulet)
HPRegen 0.24/turn               g - +4 ring of evasion
MPRegen 0.00/turn               H - +6 ring of strength

@: flying
A: sickness immunity, fire resistance 2, cold vulnerability 1, float, innate
caster, HP casting, extra vitality 1
a: Renounce Religion, Draw Escape, Draw Destruction, Draw Summoning, Triple
Draw, Deal Four


You were on level 4 of the Lair of Beasts.
You worshipped Nemelex Xobeh.
Nemelex Xobeh was greatly pleased with you.
You visited 3 branches of the dungeon, and saw 14 of its levels.

You collected 903 gold pieces.
You spent 587 gold pieces at shops.

Inventory:

Hand Weapons
 a - a +1 vampiric long sword
 b - a +4 scimitar of freezing (weapon)
 j - a +0 rapier
 s - a +2 short sword of freezing
 J - a +0 scimitar
 N - a +0 hand crossbow
Missiles
 i - 8 poisoned darts
 l - 8 throwing nets (quivered)
 y - 16 boomerangs
Armour
 c - a +0 buckler (worn)
 h - a +2 cloak (worn)
 n - a +2 chain mail
 D - +0 acid dragon scales
 O - a +0 plate armour (worn)
Magical Staves
 o - a staff of poison
 A - a staff of conjuration
Jewellery
 g - a +4 ring of evasion (left hand)
 B - a ring of protection from fire
 C - the ring of Yfanlorch {Fly rF+ rC+ Stlth+}
   (You found it on level 6 of the Dungeon)

   [ring of protection from cold]

   rF:        It protects you from fire.
   rC:        It protects you from cold.
   Fly:       It grants you flight.
   Stlth:     It makes you more stealthy.
 H - a +6 ring of strength (right hand)
 I - an amulet of regeneration
Wands
 u - a wand of polymorph (6)
 E - a wand of charming (8)
 M - a wand of iceblast (6)
Scrolls
 d - a scroll of teleportation
 e - 5 scrolls of vulnerability
 m - a scroll of immolation
Potions
 f - a potion of heal wounds
 k - 2 potions of lignification {unknown}
 p - a potion of magic {unknown}
 r - 7 potions of resistance
 t - a potion of invisibility
 v - a potion of cancellation
 z - 3 potions of brilliance {unknown}
 G - 3 potions of might
 K - a potion of flight {unknown}
 L - a potion of haste {unknown}


   Skills:
 - Level 7.7 Fighting
 + Level 13.4 Long Blades
 - Level 6.0 Armour
 - Level 4.0 Shields
 - Level 5.6 Invocations
 - Level 9.0 Evocations


You couldn't memorise any spells.
You knew the following spells:

 Your Spells              Type           Power      Damage    Failure   Level
a - Beastly Appendage     Tmut           0%         N/A       100%        1
b - Wereblood             Tmut           0%         N/A       100%        2
c - Call Imp              Summ           0%         N/A       100%        2
d - Corpse Rot            Necr/Pois/Air  0%         N/A       100%        4
e - Summon Mana Viper     Hex/Summ       0%         N/A       100%        5
Your spell library was empty.


Dungeon Overview and Level Annotations

Branches:
Dungeon (10/15)            Temple (1/1) D:6            Lair (2/6) D:10
    Orc (0/2) D:10
  Swamp: Lair:2-4    Shoals: Lair:2-4     Snake: Lair:2-4    Spider: Lair:2-4

Altars:
Ashenzari
Cheibriados
Dithmenos
Elyvilon
Fedhas
Gozag
Hepliaklqana
Kikubaaqudgha
Makhleb
Nemelex Xobeh
Okawaru
Qazlal
Ru
Sif Muna
Trog
Uskayaw
Vehumet
Wu Jian
Xom
Yredelemnul
Zin
The Shining One

Shops:
D:3 *(((   D:4 *

Portals:
Trove: D:10 (give 5 scrolls of blinking)

Annotations:
D:7 1 runed translucent door, Drazool's ghost, novice MeEE


Innate Abilities, Weirdness & Mutations

You are immune to sickness and miasma.
You are immune to poison.
Your flesh is very heat resistant. (rF++)
You are vulnerable to cold. (rC-)
You float through the air rather than walking.
You learn spells naturally, not from books.
Your magical power is your life essence.
You have superior vitality. (+4 MHP)


Message History

A wyvern comes into view.
The wyvern hisses angrily.
You see here 17 gold pieces.
You now have 316 gold pieces (gained 17).
A wyvern is nearby!
A wyvern is nearby!
The wyvern bites you!
You hit the wyvern. You freeze the wyvern.
The wyvern is lightly wounded.
The wyvern bites you but does no damage.
You slash the wyvern! You freeze the wyvern.
The wyvern is severely wounded.
The wyvern bites you!
You completely miss the wyvern.
The wyvern is heavily wounded.
You block the wyvern's attack. The wyvern bites you.
You slash the wyvern! You freeze the wyvern.
You kill the wyvern!
No target in view!
No target in view!
A cane toad comes into view.
The cane toad croaks.
A cane toad is nearby!
A cane toad is nearby!
Found a war axe.
The cane toad stings you!
You are too injured to fight recklessly!
You are too injured to fight recklessly!
You are too injured to fight recklessly!
You are too injured to fight recklessly!
You hit the cane toad but do no damage. The cane toad stings you!
You hit the cane toad. You freeze the cane toad.
The cane toad is moderately wounded.
The cane toad stings you!!
* * * LOW HITPOINT WARNING * * *
You slash the cane toad! You freeze the cane toad.
The cane toad is heavily wounded.
The cane toad stings you!!
You die...
Your body glows with a rainbow of weird colours and disappears.

.........#
........##
........#
........##
.........#
........##
........# ####
........##....##
........@.......
P......#.F......
......##........
...... .........
...... .........
................
).... ..........
#..........


You could see a cane toad.

Vanquished Creatures
  2 black mambas (Lair:1)
  6 cane toads
  An unseen horror (D:10)
  2 polar bears (Lair:1)
  8 blink frogs (Lair:1)
  A shadow (D:10)
  3 wyverns
  21 yaks (Lair:1)
  3 steam dragons
  2 wargs (D:10)
  5 water moccasins
  An acid dragon (D:9)
  4 orc warriors (D:10)
  A sky beast (D:6)
  2 ice beasts (D:6)
  A black bear (Lair:1)
  12 wolves (Lair:1)
  A phantom (D:6)
  2 centaurs (D:7)
  A kobold brigand (D:8)
  8 bullfrogs
  2 necrophages
  4 scorpions (D:5)
  16 wights
  5 howler monkeys
  3 jellies
  3 gnoll shamans
  3 hounds
  7 orc priests
  Ijyb (D:5)
  2 iguanas
  11 orc wizards
  Natasha (thrice) (D:3)
  16 gnolls
  5 adders
  A shadow imp (D:7)
  2 worms
  2 dart slugs
  48 orcs
  8 ball pythons
  4 endoplasms
  3 giant cockroaches
  9 hobgoblins
  3 quokkas
  2 bats
  3 frilled lizards
  13 goblins
  11 kobolds
  5 rats
282 creatures vanquished.

Vanquished Creatures (collateral kills)
  A two-headed ogre (D:9)
  3 blink frogs (Lair:1)
  10 yaks
  A gnoll sergeant (D:9)
  A gnoll shaman (D:9)
  11 gnolls
27 creatures vanquished.

Vanquished Creatures (others)
  A yak (Lair:1)
  An orc wizard (D:7)
  A gnoll (D:9)
  3 fungi
  10 plants
16 creatures vanquished.

Grand Total: 325 creatures vanquished

Notes
Turn   | Place    | Note
-------+----------+-------------------------------------------
     0 | D:1      | dolemite99 the Djinni Fighter began the quest for the Orb.
     0 | D:1      | Reached XP level 1. HP: 20/20 MP: 0/0
    23 | D:1      | You are sucked into a shaft and drop 1 floor!
    89 | D:2      | Reached skill level 2 in Long Blades
   431 | D:1      | Reached XP level 2. HP: 17/25 MP: 0/0
  1552 | D:2      | Reached XP level 3. HP: 30/30 MP: 0/0
  1552 | D:2      | Learned a level 1 spell: Beastly Appendage
  1554 | D:2      | Reached skill level 3 in Long Blades
  1877 | D:3      | Found Lori's Weapon Emporium.
  1897 | D:3      | Found Werotofe's Antique Weapon Shop.
  2402 | D:3      | Noticed Natasha
  2429 | D:3      | Killed Natasha
  2430 | D:3      | Reached XP level 4. HP: 4/35 MP: 0/0
  2863 | D:3      | Noticed Natasha
  2870 | D:3      | Killed Natasha
  2871 | D:3      | Reached skill level 4 in Long Blades
  3010 | D:3      | Reached XP level 5. HP: 39/40 MP: 0/0
  3010 | D:3      | Learned a level 2 spell: Wereblood
  3143 | D:3      | Found Aluek's Assorted Antiques.
  3151 | D:3      | Bought a scroll labelled XIM PUAQEMAH for 22 gold pieces
  3151 | D:3      | Bought 2 fuming dark potions for 39 gold pieces
  3151 | D:3      | Bought a glowing brown potion for 19 gold pieces
  3151 | D:3      | Bought a yellow potion for 19 gold pieces
  3151 | D:3      | Bought a hand crossbow for 77 gold pieces
  3160 | D:3      | Found Gasaf's Weapon Shop.
  3267 | D:3      | Noticed Natasha
  3286 | D:3      | Killed Natasha
  3781 | D:4      | Found Axeatux's Assorted Antiques.
  3799 | D:4      | Reached skill level 5 in Long Blades
  3818 | D:4      | Reached XP level 6. HP: 46/46 MP: 0/0
  3926 | D:4      | Found a sparkling altar of Nemelex Xobeh.
  3934 | D:4      | Became a worshipper of Nemelex Xobeh the Trickster
  4927 | D:4      | Reached skill level 6 in Long Blades
  5015 | D:5      | Entered Level 5 of the Dungeon
  5020 | D:5      | Noticed a water moccasin
  5031 | D:5      | Killed a water moccasin
  5032 | D:5      | Reached XP level 7. HP: 42/50 MP: 0/0
  5032 | D:5      | Learned a level 2 spell: Call Imp
  5128 | D:5      | Reached * piety under Nemelex Xobeh
  5291 | D:5      | Reached skill level 7 in Long Blades
  5788 | D:5      | Noticed Ijyb
  5825 | D:5      | Killed Ijyb
  5944 | D:5      | Reached XP level 8. HP: 54/56 MP: 0/0
  5982 | D:5      | Received a gift from Nemelex Xobeh
  6085 | D:5      | Reached skill level 8 in Long Blades
  7281 | D:6      | Reached ** piety under Nemelex Xobeh
  7309 | D:6      | Reached skill level 9 in Long Blades
  7524 | D:6      | Reached skill level 1 in Invocations
  7593 | D:6      | Identified the ring of Yfanlorch {Fly rF+ rC+ Stlth+}
  7664 | D:6      | Found a staircase to the Ecumenical Temple.
  7793 | D:6      | Reached XP level 9. HP: 54/60 MP: 0/0
  7793 | D:6      | Learned a level 4 spell: Corpse Rot
  8448 | D:7      | Reached skill level 5 in Invocations
  8726 | D:7      | Found a sacrificial altar of Ru.
  8812 | D:7      | Reached skill level 1 in Evocations
 10227 | D:7      | Received a gift from Nemelex Xobeh
 10284 | D:7      | Found a runed translucent door.
 10288 | D:7      | Noticed Drazool's ghost (novice MeEE)
 10404 | D:7      | Reached skill level 5 in Evocations
 10534 | Temple   | Entered the Ecumenical Temple
 10787 | D:8      | Found a snail-covered altar of Cheibriados.
 11281 | D:8      | Reached *** piety under Nemelex Xobeh
 11347 | D:8      | Reached XP level 10. HP: 54/67 MP: 0/0
 12148 | D:9      | Noticed a two-headed ogre
 12152 | D:9      | Killed a two-headed ogre
 12313 | D:9      | Received a gift from Nemelex Xobeh
 12689 | D:9      | Reached skill level 5 in Fighting
 13137 | D:9      | Found a burning altar of Makhleb.
 13273 | D:10     | Entered Level 10 of the Dungeon
 13494 | D:10     | Reached XP level 11. HP: 46/78 MP: 0/0
 13494 | D:10     | Learned a level 5 spell: Summon Mana Viper
 13717 | D:10     | Found a hazy altar of Hepliaklqana.
 14234 | D:10     | Reached skill level 5 in Armour
 14293 | D:10     | Found a staircase to the Orcish Mines.
 14313 | D:10     | Found a staircase to the Lair.
 14318 | D:10     | Received a gift from Nemelex Xobeh
 14330 | D:10     | HP: 2/79 [something (29)]
 14771 | D:10     | Found a portal to a secret trove of treasure.
 15504 | D:4      | Bought a scroll labelled NADOSK ZAERIHE for 23 gold pieces
 15508 | D:4      | Bought 2 potions of invisibility for 368 gold pieces
 15508 | D:4      | Bought a fuming white potion for 20 gold pieces
 15644 | Lair:1   | Entered Level 1 of the Lair of Beasts
 16621 | Lair:1   | Reached skill level 10 in Long Blades
 17479 | Lair:1   | Reached XP level 12. HP: 18/86 MP: 0/0
 17989 | Lair:1   | Reached skill level 11 in Long Blades
 18413 | Lair:1   | Received a gift from Nemelex Xobeh
 18530 | Lair:1   | Reached skill level 12 in Long Blades
 19738 | Lair:1   | Reached skill level 13 in Long Blades
 19943 | Lair:1   | Reached **** piety under Nemelex Xobeh
 20145 | Lair:2   | Received a gift from Nemelex Xobeh
 20217 | Lair:2   | You are sucked into a shaft and drop 2 floors!
 20233 | Lair:4   | Slain by a cane toad

Illustrated notes

Levels and vault maps discovered:
D:1:      lemuel_arrival_cross, layout_basic, serial_bayou_pond_b
D:2:      kennysheep_big_flooded_room, layout_rooms
D:3:      layout_basic, general_overflow_altar, serial_shops,
          nicolae_shop_statue_plus, nicolae_lakefront_shop,
          nicolae_shop_waterfront, nicolae_shop_hallway_plus, uniq_natasha
D:4:      layout_basic, nemelex_altar_shiori, serial_shops,
          nicolae_shop_overgrown_old_shop, minmay_quadrilaterals
D:5:      layout_basic, uniq_ijyb
D:6:      layout_loops_ring, minmay_temple_entry_from_below_a,
          nicolae_concentric_dashed_squares_wild,
          chequers_serial_rivers_micro_b, grunt_ministairs_3,
          dreamdust_princess_corridor
D:7:      layout_rooms, hangedman_ru_absence, ebering_ghost_reflecting_pool
D:8:      layout_rooms, kennysheep_slug_shrine, minmay_liquid_box,
          minmay_misc_feat_five
D:9:      layout_irregular_city, mainiacjoe_overflow_chevrons
D:10:     layout_basic, marbit_many_paths, erik_lair_orcish_takeover,
          hiddenorc1_lemuel, enter_trove_6
Temple:   kb_temple_of_zot
Lair:1:   layout_roguey, grunt_megastairs_2
Lair:2:   layout_gridlike, nicolae_swamp_entry_splash_gauntlet,
          infiniplex_staircase_pool_2, grunt_megastairs_5
Lair:4:   layout_cave_shapes, uniq_snorg, uniq_josephine

Skill      XL: |  1  2  3  4  5  6  7  8  9 10 11 12 |
---------------+-------------------------------------+-----
Long Blades    | 2 3 4 5 6 7 9 10 13 | 13.4
Invocations    | 3 5 |  5.6
Evocations     | 6 9 |  9.0
Fighting       | 6 7 |  7.7
Armour         | 6 |  6.0
Shields        | 4 |  4.0

Action                   |  1- 3 |  4- 6 |  7- 9 | 10-12 || total
-------------------------+-------+-------+-------+-------++-------
Melee: Long sword        |   120 |   182 |   377 |   522 ||  1201
       Scimitar          |       |       |       |   258 ||   258
 Fire: Hand crossbow     |       |    20 |       |       ||    20
Throw: Dart              |    10 |       |       |       ||    10
Invok: Draw Destruction  |       |       |     7 |     4 ||    11
       Draw Summoning    |       |       |     1 |     9 ||    10
       Draw Escape       |       |       |       |     5 ||     5
Evoke: Wand              |       |       |    15 |    16 ||    31
  Use: Scroll            |     7 |     4 |     7 |    11 ||    29
       Potion            |     1 |     2 |     2 |    18 ||    23
 Stab: Invisible         |       |       |       |    10 ||    10
Armor: Scale mail        |    75 |     7 |       |       ||    82
       Chain mail        |       |   113 |   202 |    63 ||   378
       Plate armour      |       |       |       |   274 ||   274
Dodge: Dodged            |    47 |    53 |   168 |   332 ||   600
Block: Buckler           |    37 |    48 |   102 |   165 ||   352

Table legend: (Time is in decaauts)
 A = Elapsed time spent in this place.
 B = Non-inter-level travel time spent in this place.
 C = Inter-level travel time spent in this place.
 D = Time resting spent in this place.
 E = Time spent auto-exploring this place.
 F = Levels seen in this place.
 G = Mean time per level.
                   A        B        C        D        E       F      G
               +--------+--------+--------+--------+--------+-----+--------+
         Total |  20312 |  19578 |    734 |   8868 |   7154 |  14 | 1450.9 |
       Dungeon |  15655 |  14986 |    669 |   5863 |   6281 |  10 | 1565.5 |
        Temple |    106 |     90 |     16 |      0 |     80 |   1 |  106.0 |
          Lair |   4550 |   4502 |     48 |   3005 |    793 |   3 | 1516.7 |
               +--------+--------+--------+--------+--------+-----+--------+

Top non-repeatable levels by time:
  Lair:1: 4438 daAuts
     D:5: 2046 daAuts
    D:10: 2040 daAuts
     D:9: 1661 daAuts
     D:6: 1648 daAuts
     D:3: 1602 daAuts
     D:7: 1580 daAuts
     D:4: 1528 daAuts
     D:8: 1489 daAuts
     D:2: 1126 daAuts
     D:1: 932 daAuts
  Temple: 106 daAuts
  Lair:2: 97 daAuts
  Lair:4: 14 daAuts
